[ AOE2 MATCH · #506698562 ]
UnrankedPersians vs Armenians
Player's team · LOSS
[ REPLAY ANALYSIS · EXTRACTED FROM THE RECORDED GAME ]
Feudal
8:06
Castle
—
Imperial
—
| APM avg | 54.7 |
| APM peak | 72 |
| eAPM avg | 22.4 |
| Villagers / military | 32 / 11 |
Focus
⚔️ 45.8% · 🌾 54.2%
Archer ×8 · Scout Cavalry ×2 · Spearman ×1
Feudal
8:32
Castle
—
Imperial
—
| APM avg | 68.1 |
| APM peak | 98 |
| eAPM avg | 26.6 |
| Villagers / military | 34 / 11 |
Focus
⚔️ 52.4% · 🌾 47.6%
Militia ×5 · Skirmisher ×5 · Spearman ×1
Match map
Initial resources + every placement click. Lines = walls · curves = elevation contours. ◆ gold · ⬟ stone · ● berries · ✦ relic · ◌ wall gap
Your base· Open — 4t gap
The Illusionist's base· Open — 2t gap
Smoothed initial terrain · ◌ = detected wall gap · hover for details
Inputs per minute
— G-Dragon - - The Illusionist
Build order — G-Dragon
74 actions detected in the replay
| 0:01 | Create | Villager (Male) |
| 0:02 | Build | House |
| 0:05 | Build | House |
| 0:17 | Create | Villager (Male) |
| 0:31 | Create | Villager (Male) |
| 0:31 | Create | Villager (Male) |
| 0:31 | Create | Villager (Male) |
| 1:29 | Create | Villager (Male) |
| 1:40 | Build | Lumber Camp |
| 1:57 | Create | Villager (Male) |
| 2:26 | Create | Villager (Male) |
| 2:27 | Create | Villager (Male) |
| 2:30 | Create | Villager (Male) |
| 3:33 | Create | Villager (Male) |
| 3:39 | Build | House |
| 3:52 | Create | Villager (Male) |
| 4:16 | Create | Villager (Male) |
| 4:21 | Build | Mining Camp |
| 4:38 | Create | Villager (Male) |
| 5:02 | Create | Villager (Male) |
| 5:06 | Build | Palisade Wall |
| 5:09 | Build | Palisade Wall |
| 5:25 | Build | House |
| 5:35 | Create | Villager (Male) |
| 6:02 | Research | Feudal Age |
| 6:02 | Research | Feudal Age |
| 6:13 | Build | Palisade Wall |
| 7:18 | Build | Barracks |
| 7:54 | Create | Villager (Male) |
| 8:06 | Age | Feudal Age |
| 8:09 | Research | Double-Bit Axe |
| 8:13 | Research | Loom |
| 8:24 | Create | Villager (Male) |
| 8:41 | Build | Archery Range |
| 8:51 | Create | Spearman |
| 9:03 | Create | Villager (Male) |
| 9:25 | Build | House |
| 9:35 | Create | Archer |
| 9:37 | Create | Villager (Male) |
| 10:01 | Create | Archer |
| 10:03 | Build | House |
| 10:16 | Create | Villager (Male) |
| 10:31 | Build | Mill |
| 10:34 | Build | Mining Camp |
| 10:38 | Create | Archer |
| 10:51 | Create | Villager (Male) |
| 10:58 | Create | Archer |
| 11:09 | Create | Villager (Male) |
| 11:38 | Create | Villager (Male) |
| 11:39 | Build | Farm |
| 11:41 | Build | Farm |
| 11:47 | Build | House |
| 11:49 | Build | House |
| 11:53 | Create | Villager (Male) |
| 12:01 | Build | Farm |
| 12:10 | Create | Villager (Male) |
| 12:12 | Build | Farm |
| 12:14 | Build | Farm |
| 12:23 | Create | Villager (Male) |
| 12:38 | Create | Archer |
| 13:01 | Create | Villager (Male) |
| 13:24 | Create | Villager (Male) |
| 13:27 | Build | Stable |
| 13:46 | Create | Villager (Male) |
| 13:51 | Build | Farm |
| 14:04 | Build | Farm |
| 14:11 | Create | Archer |
| 14:15 | Create | Villager (Male) |
| 14:21 | Create | Scout Cavalry |
| 14:23 | Create | Archer |
| 14:33 | Create | Scout Cavalry |
| 14:34 | Create | Archer |
| 14:58 | Create | Villager (Male) |
| 15:14 | Build | Watch Tower |
Build order — The Illusionist
82 actions detected in the replay
| 0:00 | Create | Villager (Male) |
| 0:01 | Create | Villager (Male) |
| 0:02 | Build | House |
| 0:03 | Build | House |
| 0:08 | Create | Villager (Male) |
| 0:08 | Create | Villager (Male) |
| 1:17 | Create | Villager (Male) |
| 1:37 | Create | Villager (Male) |
| 1:38 | Create | Villager (Male) |
| 2:04 | Create | Villager (Male) |
| 2:04 | Create | Villager (Male) |
| 2:23 | Build | Mule Cart |
| 2:28 | Create | Villager (Male) |
| 2:28 | Create | Villager (Male) |
| 2:50 | Create | Villager (Male) |
| 2:50 | Create | Villager (Male) |
| 3:27 | Create | Villager (Male) |
| 3:27 | Create | Villager (Male) |
| 3:54 | Build | House |
| 4:14 | Create | Villager (Male) |
| 4:14 | Create | Villager (Male) |
| 4:34 | Create | Villager (Male) |
| 4:42 | Build | Barracks |
| 5:27 | Create | Villager (Male) |
| 5:27 | Research | Loom |
| 6:22 | Research | Feudal Age |
| 6:22 | Research | Feudal Age |
| 6:40 | Create | Militia |
| 6:40 | Create | Militia |
| 6:40 | Create | Militia |
| 6:42 | Build | House |
| 7:23 | Build | Mule Cart |
| 7:51 | Build | House |
| 7:55 | Create | Militia |
| 7:55 | Create | Militia |
| 8:32 | Age | Feudal Age |
| 8:36 | Build | Watch Tower |
| 8:44 | Create | Villager (Male) |
| 8:55 | Research | Man-at-Arms (upgrade) |
| 8:57 | Create | Villager (Male) |
| 9:20 | Build | Mill |
| 9:24 | Build | House |
| 9:36 | Create | Villager (Male) |
| 10:00 | Create | Villager (Male) |
| 10:03 | Build | Palisade Wall |
| 10:04 | Build | Palisade Wall |
| 10:08 | Build | Palisade Wall |
| 10:09 | Build | Palisade Wall |
| 10:14 | Build | House |
| 10:16 | Create | Villager (Male) |
| 10:29 | Build | Archery Range |
| 10:34 | Build | Palisade Wall |
| 10:38 | Create | Villager (Male) |
| 11:13 | Build | Mule Cart |
| 11:15 | Create | Villager (Male) |
| 11:26 | Research | Arson |
| 11:42 | Create | Villager (Male) |
| 11:45 | Create | Skirmisher |
| 11:49 | Build | House |
| 12:06 | Create | Villager (Male) |
| 12:14 | Create | Skirmisher |
| 12:27 | Build | Palisade Wall |
| 12:30 | Build | Palisade Wall |
| 12:38 | Create | Villager (Male) |
| 12:40 | Create | Skirmisher |
| 12:42 | Build | Blacksmith |
| 13:02 | Create | Villager (Male) |
| 13:03 | Create | Skirmisher |
| 13:23 | Build | Farm |
| 13:25 | Create | Villager (Male) |
| 13:47 | Create | Skirmisher |
| 13:53 | Build | Farm |
| 14:13 | Create | Villager (Male) |
| 14:25 | Research | Long Swordsman (upgrade) |
| 14:26 | Research | Long Swordsman (upgrade) |
| 14:27 | Build | Farm |
| 14:36 | Build | Farm |
| 14:54 | Create | Spearman |
| 14:54 | Create | Villager (Male) |
| 15:06 | Create | Villager (Male) |
| 15:22 | Build | Farm |
| 15:24 | Build | Farm |
Match timeline
| 4:42 | The Illusionist · first_building Barracks |
| 5:06 | G-Dragon · wall_segment Palisade Wall x1 |
| 5:09 | G-Dragon · wall_segment Palisade Wall x1 |
| 6:13 | G-Dragon · wall_segment Palisade Wall x1 |
| 7:18 | G-Dragon · first_building Barracks |
| 8:06 | G-Dragon · age_up feudal |
| 8:32 | The Illusionist · age_up feudal |
| 8:41 | G-Dragon · first_building Archery Range |
| 10:03 | The Illusionist · wall_segment Palisade Wall x1 |
| 10:04 | The Illusionist · wall_segment Palisade Wall x1 |
| 10:08 | The Illusionist · wall_segment Palisade Wall x2 |
| 10:09 | The Illusionist · wall_segment Palisade Wall x1 |
| 10:29 | The Illusionist · first_building Archery Range |
| 10:34 | The Illusionist · wall_segment Palisade Wall x1 |
| 12:27 | The Illusionist · wall_segment Palisade Wall x1 |
| 12:30 | The Illusionist · wall_segment Palisade Wall x1 |
| 13:27 | G-Dragon · first_building Stable |
| 15:26 | G-Dragon · resign |
[ AI ANALYSIS · 1 CREDIT ]
What really happened in this match?
Wolo.gg analyzes every decision: build order, eco, micro, common mistakes by bracket. Personalized analysis on WhatsApp or Discord in 30 seconds.
Civ guide
Persians
Perfil
Rory